 Dungeon Crawl Stone Soup version 0.23-a0-550-g7de1f8e (webtiles) character file.

24222 tilp the Impaler (level 13, -6/98 HPs)
             Began as a Merfolk Ice Elementalist on Dec 9, 2018.
             Was an Elder of Makhleb.
             Mangled by Snorg (7 damage)
             ... on level 3 of the Lair of Beasts.
             The game lasted 01:05:17 (20448 turns).

tilp the Impaler (Merfolk Ice Elementalist)        Turns: 20448, Time: 01:05:18

Health: -6/98      AC: 21    Str:  8    XL:     13   Next: 11%
Magic:  2/31       EV: 16    Int: 19    God:    Makhleb [****..]
Gold:   826        SH:  0    Dex: 15    Spells: 7/24 levels left

rFire    + . .     SeeInvis .   a - +4 glaive (vamp)
rCold    + . .     Gourm    .   (shield currently unavailable)
rNeg     . . .     Faith    .   g - +2 robe {rF+}
rPois    .         Spirit   .   m - +1 helmet
rElec    .         Reflect  .   i - +2 cloak {+Inv}
rCorr    .         Harm     .   V - +0 pair of gloves
MR       .....                  R - +2 pair of boots (curse)
Stlth    ++........             l - amulet of the acrobat
HPRegen  0.26/turn              e - ring of magical power
MPRegen  0.22/turn              p - ring of protection from cold

@: icy armour, very slightly contaminated, studying Charms
A: change form in water, swift swim, stealthy swim
a: Minor Destruction, Lesser Servant of Makhleb, Major Destruction, Renounce
Religion, Evoke Invisibility


You were on level 3 of the Lair of Beasts.
You worshipped Makhleb.
Makhleb was greatly pleased with you.
You were not hungry.

You visited 2 branches of the dungeon, and saw 15 of its levels.

You collected 826 gold pieces.

Inventory:

Hand Weapons
 a - a +4 vampiric glaive (weapon)
 z - a cursed -1 glaive
 K - a +2 trident of piercing
Missiles
 o - 7 tomahawks (quivered)
Armour
 g - a +2 robe of fire resistance (worn)
 i - a +2 cloak of invisibility (worn)
 m - a +1 helmet (worn)
 R - a cursed +2 pair of boots (worn)
 S - a +2 buckler
 V - a +0 pair of gloves (worn)
 Y - a cursed +0 robe
Magical Staves
 b - an uncursed staff of conjuration
Jewellery
 e - a ring of magical power (left hand)
 l - an amulet of the acrobat (around neck)
 p - a ring of protection from cold (right hand)
 w - an uncursed ring of resist corrosion
 H - a +1 ring of protection {unknown}
 P - an uncursed amulet of the gourmand
 Q - an uncursed ring of positive energy
 Z - an uncursed ring of protection from fire
Wands
 s - a wand of disintegration (8)
 C - a wand of flame (20)
 U - a wand of scattershot (5)
Scrolls
 h - 10 scrolls of teleportation
 t - 4 scrolls of remove curse
 v - 3 scrolls of fear
 x - a scroll of enchant weapon {unknown}
 y - 2 scrolls of fog
 A - a scroll of magic mapping
 D - a scroll of noise {unknown}
 G - a scroll of amnesia
Potions
 d - 6 potions of heal wounds
 j - 3 potions of lignification
 k - 2 potions of agility
 n - 5 potions of curing
 q - 2 potions of brilliance
 r - 2 potions of resistance
 u - 3 potions of berserk rage
 E - 3 potions of flight
 F - 2 potions of ambrosia
 I - a potion of mutation
 L - a potion of might
 N - a potion of haste
Books
 f - a manual of Charms
Comestibles
 c - 20 rations
 B - 4 chunks of flesh


   Skills:
 - Level 8.0 Fighting
 * Level 17.0 Polearms
 - Level 6.1 Dodging
 - Level 2.1 Stealth
 - Level 6.2 Spellcasting
 - Level 0.7 Conjurations
 - Level 8.0 Charms
 * Level 12.6 Ice Magic
 - Level 5.0 Invocations
 - Level 4.0 Evocations


You had 7 spell levels left.
You knew the following spells:

 Your Spells              Type           Power        Failure   Level  Hunger
a - Freeze                Ice            ####         1%          1    None
b - Throw Frost           Conj/Ice       ####..       1%          2    None
c - Ozocubu's Armour      Chrm/Ice       #####...     1%          3    ##.....
d - Throw Icicle          Conj/Ice       ####....     7%          4    ####...
e - Conjure Flame         Conj/Fire      #.......     28%         3    ##.....
f - Ensorcelled Hibernat  Hex/Ice        ####..       1%          2    None
g - Blink                 Tloc           N/A          17%         2    None

Your spell library contained the following spells:

 Spells                   Type           Power        Failure   Level  Hunger
 Swiftness                Chrm/Air       ###.....     3%          2    None
 Magic Dart               Conj           #...         9%          1    None
 Summon Ice Beast         Ice/Summ       ####....     9%          4    ####...
 Confusing Touch          Hex            #.....       11%         1    None
 Corona                   Hex            #......      11%         1    None
 Call Imp                 Summ           #.......     17%         2    None
 Passwall                 Tmut/Erth      #.......     17%         2    None
 Slow                     Hex            #.......     17%         2    None
 Metabolic Englaciation   Hex/Ice        ####......   22%         5    #####..
 Dazzling Spray           Conj/Hex       #.....       28%         3    ##.....
 Mephitic Cloud           Conj/Pois/Air  #.......     30%         3    ##.....
 Confuse                  Hex            #.......     32%         3    ##.....
 Gell's Gravitas          Tloc           #.........   32%         3    ##.....
 Tukima's Dance           Hex            #.......     32%         3    ##.....
 Passage of Golubria      Tloc           N/A          73%         4    ####...
 Petrify                  Tmut/Erth      #.......     73%         4    ####...
 Irradiate                Conj/Tmut      #.........   95%         5    #####..
 Lee's Rapid Deconstruct  Erth           #.........   97%         5    #####..
 Yara's Violent Unravell  Hex/Tmut       #.........   97%         5    #####..
 Darkness                 Hex            #.........   100%        6    #######
 Hydra Form               Tmut           #.........   100%        6    #######
 Invisibility             Hex            #.......     100%        6    #######
 Statue Form              Tmut/Erth      #........    100%        6    #######
 Dragon Form              Tmut           #.........   100%        7    #######


Dungeon Overview and Level Annotations

Branches:
Dungeon (12/15)            Temple (0/1) D:4            Lair (3/6) D:11
  Swamp (0/4) Lair:2
  Snake: Lair:2-4    Spider: Lair:2-4       Orc: D:9-12

Altars:
Ashenzari
Cheibriados
Gozag
Hepliaklqana
Kikubaaqudgha
Makhleb
Qazlal
Trog
Uskayaw
Wu Jian
Yredelemnul
Zin
Beogh

Shops:
D:10 [*

Annotations:
D:4 exclusion: upstairs, Dowan, Duvessa
D:7 exclusion: killer bee
D:12 exclusion: cyclops
Lair:3 Snorg


Message History

Snorg goes berserk!
Casting: Throw Icicle (safe; 7% risk of failure)
Confirm with . or Enter, or press ? or * to list all spells.
Aiming: Throw Icicle (safe; 7% risk of failure)
Press: ? - help, Shift-Dir - straight line, f/p - Snorg
Aim: Snorg (severely wounded, berserk, fast, unusually strong)
The shard of ice misses Snorg.
Snorg barely misses you. x2
Snorg closely misses you.
Casting: Throw Icicle (safe; 7% risk of failure)
Confirm with . or Enter, or press ? or * to list all spells.
Aiming: Throw Icicle (safe; 7% risk of failure)
Press: ? - help, Shift-Dir - straight line, f/p - Snorg
Aim: Snorg (severely wounded, berserk, fast, unusually strong)
The shard of ice hits Snorg.
Snorg is severely wounded.
Snorg bites you but does no damage. Snorg claws you but does no damage. x2
Snorg bites you!!
* * * LOW HITPOINT WARNING * * *
Snorg claws you!
You die...

## #..###.T...#. #P### #. #.P#
#....## ...# ..## ##.## ##.### .
. ..## #..# #P.## P.# .. ...
##..####..# ##..# ##.# ..
...)##...#P##.# #..P###..#.#
..............#######.###.#...##
....PP....P.P.#.#.##..# ##.....#
...####.........@T.##.###.....##
. #.#.#...###...........#..#
#.......# ##...#..#####....
#.....#.# #P..#.### #...
.######....### #...### #..
......P..#.# ##... #.
P#P...<.#.# #...# #...P....#
#...# ##.....P.# P...#


You could see Snorg (berserk).

Vanquished Creatures
  A hydra (Lair:1)
  3 two-headed ogres
  Sonja (Lair:1)
  An unseen horror (D:12)
  An ugly thing (D:11)
  2 black mambas (Lair:2)
  A gargoyle (D:12)
  3 spiny frogs
  2 kobold demonologists (D:12)
  A komodo dragon (Lair:1)
  4 blink frogs (Lair:2)
  A polar bear (D:11)
  5 hippogriffs
  A wraith (D:11)
  A shadow (D:11)
  2 wyverns (Lair:1)
  2 vampires
  13 yaks
  A human (D:12)
  A hungry ghost (D:8)
  3 vampire mosquitoes (D:12)
  A soldier ant (D:10)
  A warg (D:12)
  An acid dragon (D:11)
  7 water moccasins
  6 porcupines (Lair:1)
  5 orc warriors
  4 ice beasts
  5 ogres
  A sky beast (D:7)
  2 black bears
  5 phantoms
  10 wolves
  8 centaurs
  4 crocodiles
  3 big kobolds
  Blork the orc (D:5)
  8 bullfrogs
  A water moccasin zombie (D:8)
  3 scorpions
  A wyvern skeleton (D:8)
  5 killer bees (D:7)
  3 wights (D:11)
  An electric eel (D:11)
  2 howler monkeys (D:5)
  A crimson imp (D:10)
  2 bullfrog zombies
  A centaur zombie (D:5)
  5 hounds
  A jelly (D:10)
  6 bullfrog skeletons
  3 centaur skeletons
  14 orc priests
  A gnoll shaman (D:3)
  10 orc wizards
  4 iguanas
  Natasha (D:4)
  8 worker ants
  2 centaur simulacra (D:11)
  A bullfrog simulacrum (D:11)
  8 gnolls (D:4)
  2 shadow imps
  4 adders
  4 white imps
  2 ufetubi
  4 oozes
  4 adder skeletons
  4 worms
  3 leopard geckos
  46 orcs
  9 giant cockroaches
  11 hobgoblins
  7 jackals
  6 quokkas
  5 bats
  6 frilled lizards
  10 goblins
  12 kobolds
  12 rats
357 creatures vanquished.

Vanquished Creatures (collateral kills)
  2 hydras
  A two-headed ogre (D:11)
  A death yak (D:10)
  A cyclops (D:11)
  A komodo dragon (D:11)
  A polar bear (D:11)
  2 dream sheep (D:11)
  4 yaks
  5 basilisks
  A vampire mosquito (D:12)
  2 big kobolds
  A bullfrog (Lair:3)
  A wight (D:11)
  A leopard gecko (D:11)
24 creatures vanquished.

Vanquished Creatures (others)
  5 fungi
  A plant (Lair:1)
6 creatures vanquished.

Grand Total: 387 creatures vanquished

Notes
Turn   | Place    | Note
-------+----------+-------------------------------------------
     0 | D:1      | tilp the Merfolk Ice Elementalist began the quest for the
                  | Orb.
     0 | D:1      | Reached XP level 1. HP: 13/13 MP: 3/3
   373 | D:1      | Reached XP level 2. HP: 19/19 MP: 0/5
   380 | D:1      | Learned a level 2 spell: Throw Frost
   850 | D:1      | Reached XP level 3. HP: 12/24 MP: 4/6
  1552 | D:1      | Learned a level 3 spell: Ozocubu's Armour
  1584 | D:2      | Reached skill level 5 in Ice Magic
  1687 | D:2      | Found a basalt altar of Yredelemnul.
  1688 | D:2      | Found a hide-covered altar of Uskayaw.
  1764 | D:2      | Reached XP level 4. HP: 22/30 MP: 1/7
  1995 | D:2      | Found a shattered altar of Ashenzari.
  2237 | D:3      | Found an ornate altar of the Wu Jian Council.
  2857 | D:3      | Found a burning altar of Makhleb.
  2862 | D:3      | Became a worshipper of Makhleb the Destroyer
  3045 | D:4      | Found a stormy altar of Qazlal.
  3396 | D:4      | Reached XP level 5. HP: 23/35 MP: 3/8
  3408 | D:4      | HP: 1/35 [gnoll (6)]
  3433 | D:4      | HP: 1/35 [gnoll (2)]
  3887 | D:4      | Noticed an ogre
  4062 | D:4      | Reached XP level 6. HP: 41/41 MP: 2/9
  4794 | D:4      | Found a staircase to the Ecumenical Temple.
  5263 | D:4      | Noticed Duvessa
  5264 | D:4      | Noticed Dowan
  5308 | D:3      | Reached skill level 1 in Fighting
  5308 | D:3      | Reached XP level 7. HP: 24/48 MP: 6/10
  5512 | D:4      | Noticed Natasha
  5521 | D:4      | Killed Natasha
  5840 | D:4      | Found an ancient bone altar of Kikubaaqudgha.
  6123 | D:5      | Entered Level 5 of the Dungeon
  6164 | D:5      | Reached * piety under Makhleb
  6706 | D:5      | Reached XP level 8. HP: 56/58 MP: 9/13
  6722 | D:5      | Reached skill level 5 in Dodging
  7165 | D:6      | Noticed Blork the orc
  7190 | D:5      | Killed Blork the orc
  7190 | D:5      | Reached skill level 1 in Charms
  7645 | D:6      | Reached skill level 5 in Fighting
  7803 | D:6      | Found a bloodstained altar of Trog.
  7850 | D:6      | Learned a level 2 spell: Ensorcelled Hibernation
  8090 | D:6      | Reached ** piety under Makhleb
  8326 | D:6      | Reached skill level 1 in Polearms
  8569 | D:7      | Reached skill level 3 in Polearms
  8569 | D:7      | Reached XP level 9. HP: 69/69 MP: 13/15
  8624 | D:7      | Reached skill level 5 in Polearms
  8785 | D:7      | Reached skill level 6 in Polearms
  9051 | D:7      | Reached skill level 7 in Polearms
  9439 | D:7      | Reached skill level 8 in Polearms
  9502 | D:7      | Reached skill level 9 in Polearms
  9768 | D:8      | Reached skill level 10 in Polearms
  9913 | D:8      | Reached skill level 11 in Polearms
  9976 | D:8      | Reached *** piety under Makhleb
 10000 | D:8      | Reached XP level 10. HP: 76/76 MP: 10/16
 10041 | D:8      | Found an opulent altar of Gozag.
 10145 | D:8      | Reached skill level 12 in Polearms
 10321 | D:8      | Reached skill level 1 in Invocations
 10321 | D:8      | Reached skill level 1 in Evocations
 10382 | D:8      | Noticed a two-headed ogre
 10948 | D:9      | Found a hazy altar of Hepliaklqana.
 11100 | D:9      | Found a glowing silver altar of Zin.
 11267 | D:10     | Entered Level 10 of the Dungeon
 11637 | D:10     | Found a snail-covered altar of Cheibriados.
 11637 | D:10     | Found Cheibriados's Comfort Zone.
 11719 | D:10     | Found Wipn's Assorted Antiques.
 11967 | D:10     | Reached skill level 5 in Invocations
 12065 | D:10     | Reached **** piety under Makhleb
 12423 | D:11     | Noticed a death yak
 12526 | D:11     | Reached skill level 5 in Charms
 12904 | D:11     | Noticed a two-headed ogre
 12925 | D:11     | Killed a two-headed ogre
 12925 | D:11     | Reached XP level 11. HP: 55/81 MP: 12/17
 13073 | D:11     | Reached skill level 13 in Polearms
 13109 | D:10     | Killed a death yak
 13453 | D:11     | Noticed a purple ugly thing
 13478 | D:11     | Killed a purple ugly thing
 13479 | D:11     | Noticed a two-headed ogre
 13491 | D:11     | Killed a two-headed ogre
 13505 | D:10     | Learned a level 4 spell: Throw Icicle
 13509 | D:10     | Learned a level 3 spell: Conjure Flame
 13512 | D:10     | Learned a level 2 spell: Blink
 13540 | D:11     | Reached skill level 5 in Spellcasting
 13636 | D:11     | Noticed a cyclops
 13648 | D:11     | Killed a cyclops
 13754 | D:11     | Found a roughly hewn altar of Beogh.
 13903 | D:11     | Reached skill level 10 in Ice Magic
 13921 | D:11     | Noticed a three-headed hydra
 13931 | D:11     | Killed a three-headed hydra
 13931 | D:11     | Reached skill level 14 in Polearms
 14198 | D:11     | Noticed a two-headed ogre
 14203 | D:11     | Killed a two-headed ogre
 14855 | D:11     | Found a staircase to the Lair.
 15213 | D:12     | Noticed a cyclops
 15321 | D:12     | Killed an unseen horror
 15326 | D:12     | Noticed a two-headed ogre
 15344 | D:12     | Killed a two-headed ogre
 15344 | D:12     | Reached XP level 12. HP: 36/89 MP: 0/21
 15932 | D:12     | Reached skill level 15 in Polearms
 16669 | Lair:1   | Entered Level 1 of the Lair of Beasts
 17901 | Lair:1   | Noticed a four-headed hydra
 17913 | Lair:1   | Killed a four-headed hydra
 18013 | Lair:1   | Reached skill level 16 in Polearms
 18193 | Lair:1   | Noticed Sonja
 18462 | Lair:1   | Killed Sonja
 18751 | Lair:1   | Identified a scroll of acquirement
 18884 | Lair:2   | Found a staircase to the Swamp.
 19333 | Lair:2   | Reached XP level 13. HP: 78/98 MP: 22/22
 20341 | Lair:2   | Reached skill level 17 in Polearms
 20416 | Lair:3   | Noticed Snorg
 20448 | Lair:3   | HP: 1/98 [Snorg (23)]
 20448 | Lair:3   | Mangled by Snorg

Vault maps used:
D:1:      dpeg_arrival_shelter, minmay_strange_pillars, minmay_cupped
D:2:      lemuel_crystal_altar, chequers_temple_overflow_statue_of_worship,
          minmay_bisected
D:3:      lightli_temple_of_fire, nicolae_overflow_hidden_temple,
          dk_noncrumbling_4, guppyfry_early_lair_pool
D:4:      kennysheep_the_goblin_king, kennysheep_mini_moat,
          kiku_gazebo_pond_becter, temple_pool_b, first_ration,
          serial_bayou_pond_b, uniq_duvessa, uniq_natasha
D:5:      minmay_manual_mares
D:6:      overflow_temple_1_default, uniq_blork_the_orc
D:8:      minmay_ruined_shrine
D:9:      nicolae_overflow_crystal_walls, kennysheep_little_box
D:10:     serial_shops, nicolae_shop_crystal, minmay_shop_chei
D:11:     erik_lair_dragon, serial_ice, serial_ice_k, serial_ice_d,
          serial_ice_m, serial_ice_g, serial_ice_a, serial_ice_b, serial_ice_h,
          serial_ice_o, st_stairs_7, hangedman_ranch, david_defended_altar_orc
D:12:     erik_orc_4, enter_trove_2, gammafunk_ghost_hive
Lair:1:   grunt_forest_stairs_basic, beast_lair_carwin_5, grunt_megastairs_2,
          uniq_sonja
Lair:2:   swamp_mist
Lair:3:   minmay_snake_entry_guardpost_small, uniq_snorg

Skill      XL: |  1  2  3  4  5  6  7  8  9 10 11 12 13 |
---------------+----------------------------------------+-----
Ice Magic      | 4 5 6 7 8 9 10 12 | 12.6
Dodging        | 3 4 6 |  6.1
Fighting       | 1 3 6 8 |  8.0
Spellcasting   | 3 4 6 |  6.2
Charms         | 4 5 7 8 |  8.0
Polearms       | 3 11 12 14 16 17 | 17.0
Invocations    | 5 |  5.0
Evocations     | 4 |  4.0
Stealth        | |  2.1
Conjurations   | |  0.7

Action                   |  1- 3 |  4- 6 |  7- 9 | 10-12 | 13-15 || total
-------------------------+-------+-------+-------+-------+-------++-------
Melee: Whip              |    51 |    72 |       |       |       ||   123
       Spear             |       |       |   375 |   124 |       ||   499
       Trident           |       |       |       |   641 |       ||   641
       Glaive            |       |       |       |    68 |    48 ||   116
Throw: Stone             |     5 |     1 |       |       |       ||     6
 Cast: Freeze            |    50 |    81 |    63 |    90 |     2 ||   286
       Ozocubu's Armour  |       |     1 |    32 |    83 |     5 ||   121
       Throw Frost       |       |     1 |    20 |    34 |       ||    55
       Ensorcelled Hiber |       |       |     2 |     2 |       ||     4
       Throw Icicle      |       |       |       |    40 |    12 ||    52
       Conjure Flame     |       |       |       |     8 |       ||     8
       Blink             |       |       |       |       |     1 ||     1
Invok: Lesser Servant of |       |       |       |    15 |     2 ||    17
Evoke: Wand              |       |       |       |    12 |       ||    12
  Use: Scroll            |       |     9 |     7 |    11 |     3 ||    30
       Potion            |       |       |     1 |     1 |     1 ||     3
 Stab: Sleeping          |     2 |       |     3 |     2 |       ||     7
       Distracted        |       |       |       |     5 |       ||     5
  Eat: Chunk             |     4 |     9 |    21 |    34 |     3 ||    71
       Ration            |       |     1 |       |     3 |     1 ||     5
Armor: Robe              |    18 |    11 |    92 |   182 |    31 ||   334
       Skin              |       |       |    27 |       |       ||    27
Dodge: Dodged            |    53 |   121 |   256 |   507 |    80 ||  1017

Table legend:
 A = Non-vault XP
 B = Vault XP
 C = Vault XP percentage of total XP
 D = Non-vault monster count
 E = Vault monster count
 F = Vault count percentage of total count
                 A         B        C        D         E       F
            +---------+---------+-------+---------+---------+-------
      Total |   24869 |    9735 |  28.1 |     296 |      85 |  22.3
            +---------+---------+-------+---------+---------+-------
        D:1 |      55 |       2 |   3.5 |      28 |       1 |   3.4
        D:2 |      39 |      11 |  22.0 |      20 |       3 |  13.0
        D:3 |     215 |       0 |   0.0 |      12 |       0 |   0.0
        D:4 |     495 |      96 |  16.2 |      22 |      12 |  35.3
        D:5 |     502 |     320 |  38.9 |      28 |       3 |   9.7
        D:6 |     593 |       0 |   0.0 |      12 |       0 |   0.0
        D:7 |    1395 |       0 |   0.0 |      25 |       0 |   0.0
        D:8 |     982 |     503 |  33.9 |      16 |       8 |  33.3
        D:9 |     727 |       0 |   0.0 |      16 |       0 |   0.0
       D:10 |    1502 |     455 |  23.2 |      32 |       4 |  11.1
       D:11 |    5460 |    4725 |  46.4 |      30 |      34 |  53.1
       D:12 |    3790 |     630 |  14.3 |      14 |      10 |  41.7
     Lair:1 |    3486 |    2993 |  46.2 |      17 |      10 |  37.0
     Lair:2 |    5585 |       0 |   0.0 |      23 |       0 |   0.0
     Lair:3 |      43 |       0 |   0.0 |       1 |       0 |   0.0
            +---------+---------+-------+---------+---------+-------
